 Dungeon Crawl Stone Soup version 0.20.1-1-g8b1a95d (webtiles) character file.

45516 wnhky the Covert (level 14, -8/69 HPs)
             Began as a Spriggan Enchanter on Sept 21, 2017.
             Was a High Priest of Vehumet.
             Mangled by Rupert
             ... wielding a +4 great sword of electrocution
              (35 damage)
             ... while paralysed by Rupert
             ... on level 6 of the Lair of Beasts on Sept 22, 2017.
             The game lasted 01:08:44 (17763 turns).

wnhky the Covert (Spriggan Enchanter)              Turns: 17763, Time: 01:08:45

Health: -8/69      AC:  7    Str:  4    XL:     14   Next: 1%
Magic:  27/31      EV:  4    Int: 20    God:    Vehumet [*****.]
Gold:   888        SH:  0    Dex: 18    Spells: 19/37 levels left

rFire    + . .     SeeInvis +   I - +7 dagger (elec)
rCold    . . .     Gourm    .   (shield restricted)
rNeg     . . .     Faith    .   A - +0 robe {rF+}
rPois    +         Spirit   .   (helmet restricted)
rElec    .         Reflect  .   v - +2 cloak {rPois}
rCorr    .         Harm     .   (gloves unavailable)
MR       ++...                  (boots unavailable)
Stlth    +++++++...             (no amulet)
Regen    0.3/turn               r - ring of stealth
MPRegen  0.3/turn               a - ring of poison resistance

@: paralysed, very quick
A: unfitting armour, hooves 1, icy blue scales 1, large bone plates 1, see
invisible, deterioration 1, herbivore 3, speed 3, slow metabolism 2
a: Renounce Religion


You were on level 6 of the Lair of Beasts.
You worshipped Vehumet.
Vehumet was extremely pleased with you.
You were not hungry.

You visited 3 branches of the dungeon, and saw 18 of its levels.

You collected 1108 gold pieces.
You spent 220 gold pieces at shops.

Inventory:

Hand Weapons
 I - a +7 dagger of electrocution (weapon)
Missiles
 f - 384 stones (quivered)
Armour
 v - a +2 cloak of poison resistance (worn)
 A - a +0 robe of fire resistance (worn)
Jewellery
 a - a ring of poison resistance (right hand)
 r - a ring of stealth (left hand)
 x - an uncursed ring of protection from fire
 z - an uncursed ring of ice
Wands
 w - a wand of lightning (8/15)
 G - a wand of digging (16/24)
Scrolls
 b - a scroll of summoning
 c - a scroll of identify
 e - 5 scrolls of remove curse
 h - 6 scrolls of fear
 p - 3 scrolls of fog
 y - a scroll of amnesia
 H - 9 scrolls of teleportation
 L - 3 scrolls of blinking
Potions
 i - 6 potions of curing
 j - 2 potions of cancellation
 k - 7 potions of heal wounds
 l - 4 potions of might
 o - 2 potions of ambrosia
 q - 2 potions of brilliance
 s - 2 potions of haste
 B - 3 potions of flight
 D - 3 potions of magic
 E - 2 potions of agility
 F - a potion of berserk rage
 J - 2 potions of resistance {unknown}
Miscellaneous
 C - a phantom mirror
Comestibles
 d - 9 bread rations
 m - 7 royal jellies
 u - 14 fruits


   Skills:
 + Level 5.7 Fighting
 + Level 10.5 Short Blades
 * Level 13.5 Dodging
 * Level 14.9 Stealth
 * Level 12.4 Spellcasting
 * Level 7.2 Conjurations
 * Level 11.9 Hexes


You had 19 spell levels left.
You knew the following spells:

 Your Spells              Type           Power        Failure   Level  Hunger
a - Corona                Hex            ######.      1%          1    None
b - Ensorcelled Hibernat  Hex/Ice        #####.       1%          2    None
c - Confuse               Hex            ######..     1%          3    None
d - Dazzling Spray        Conj/Hex       ######       1%          3    None
e - Spectral Weapon       Hex/Chrm       #####...     1%          3    None
f - Animate Skeleton      Necr           N/A          5%          1    None
g - Apportation           Tloc           ##....       5%          1    None
h - Iskenderun's Mystic   Conj           #####...     1%          4    #......


Dungeon Overview and Level Annotations

Branches:
Dungeon (11/15)            Temple (1/1) D:4            Lair (6/6) D:11
 Shoals (0/4) Lair:4        Snake (0/4) Lair:4          Orc (0/2) D:9
  Slime: Lair:5-6

Altars:
Ashenzari
Cheibriados
Dithmenos
Elyvilon
Fedhas
Gozag
Hepliaklqana
Kikubaaqudgha
Makhleb
Nemelex Xobeh
Okawaru
Qazlal
Ru
Sif Muna
Trog
Uskayaw
Vehumet
Xom
Yredelemnul
Zin
The Shining One
Beogh

Shops:
D:4 =   D:9 !

Annotations:
Lair:6 Rupert


Innate Abilities, Weirdness & Mutations

You are very small and have problems with some larger weapons.
You are too small for most types of armour.
You have supernaturally acute eyesight. (SInv)
You are a herbivore.
You cover ground extremely quickly.
You need consume almost no food.
You have large cloven feet.
You are partially covered in icy blue scales. (AC +2)
You are partially covered in large bone plates. (SH +4)
Your body sometimes deteriorates upon taking damage.


Message History

Aiming: Ensorcelled Hibernation
Press: ? - help, Shift-Dir - straight line, f - you, p - Rupert That would be overly suicidal.
Okay, then.
Casting: Ensorcelled Hibernation
Confirm with . or Enter, or press ? or * to list all spells.
Aiming: Ensorcelled Hibernation
Press: ? - help, Shift-Dir - straight line, f - Rupert
Aim: Rupert, wielding a great sword of electrocution and wearing a runed scale mail (not susceptible) Rupert is unaffected.
Rupert roars wildly at you.
You suddenly lose the ability to move!
Rupert roars madly and goes into a rage!
Rupert goes berserk!
Rupert hits you with a great sword of electrocution!!!
Ouch! That really hurt!
The rime drake hisses angrily.
Rupert hits you with a great sword of electrocution!!
Ouch! That really hurt!
You die...

................
................ ...
P............... ...
##.##..#...#... ...$
##.###.##..## ..p..
###.#..#..#######.....
###.##......##..#.Pk...
#......................
#.............@@......P
#.............†........
#......................
##.##...#....######...#
######.###### ### ###


You could see Rupert (berserk), a rime drake and a neutral human (wandering).

Vanquished Creatures
  Kirke (Lair:6)
  The ghost of Haldmier the Fighter, a journeyman OgWz of Hepliaklqana (D:10)
  Fannar (D:10)
  2 hydras (Lair:4)
  The ghost of vatarom the Martial Artist, a journeyman DsTm of Ashenzari (D:8)
  Erolcha (D:9)
  3 two-headed ogres
  Erica (D:9)
  2 tengu warriors (D:9)
  5 death yaks
  Nergalle (D:11)
  Pikel (D:3)
  The ghost of Agrougrou the Chopper, a novice FoFi of Ru (D:5)
  An ugly thing (D:11)
  2 oklob plants (Lair:4)
  Maurice (D:9)
  A merfolk siren (Lair:4)
  5 black mambas
  6 elephants
  Joseph (D:9)
  11 spiny frogs
  Psyche (D:8)
  3 torpor snails
  2 gargoyles
  2 rime drakes
  3 komodo dragons
  A troll (D:10)
  A polar bear (Lair:4)
  2 tengu conjurers (D:11)
  6 dream sheep
  5 blink frogs (Lair:5)
  Prince Ribbit (D:8)
  8 hippogriffs
  3 wyverns
  19 yaks
  A wraith (D:11)
  A human (D:9)
  3 basilisks
  4 hogs
  A hungry ghost (D:8)
  A steam dragon (D:10)
  A naga (Lair:4)
  13 water moccasins
  11 porcupines
  Duvessa (D:7)
  2 hell hounds (D:11)
  5 orc warriors
  3 ice beasts
  A slave (D:4)
  3 black bears
  5 phantoms
  2 sky beasts
  5 wolves (Lair:1)
  6 ogres
  4 centaurs
  14 crocodiles
  A big kobold (D:9)
  14 bullfrogs
  Dowan (D:7)
  2 scorpions
  14 killer bees
  9 wights
  8 howler monkeys
  5 electric eels
  4 crimson imps
  A quasit (D:10)
  5 orc priests
  9 hounds
  3 centaur skeletons
  A jelly (D:8)
  10 orc wizards
  A bullfrog skeleton (D:5)
  3 iguanas
  3 worker ants
  A hound zombie (D:7)
  3 hound skeletons
  2 worker ant zombies
  3 gnolls (D:10)
  14 adders
  An ooze (D:2)
  3 adder skeletons
  2 worms (D:3)
  A dart slug (D:4)
  6 leopard geckos
  34 orcs
  9 giant cockroaches
  5 goblins
  7 hobgoblins
  10 jackals
  16 kobolds
  7 quokkas
  2 ball pythons
  12 bats
  5 frilled lizards
  A leopard gecko zombie (D:8)
  A quokka zombie (D:8)
  8 rats
  A plant (Lair:3)
441 creatures vanquished.

Vanquished Creatures (others)
  A fungus (Lair:5)
  6 plants
7 creatures vanquished.

Grand Total: 448 creatures vanquished

Notes
Turn   | Place    | Note
-------+----------+-------------------------------------------
     0 | D:1      | wnhky the Spriggan Enchanter began the quest for the Orb.
     0 | D:1      | Reached XP level 1. HP: 9/9 MP: 5/5
   312 | D:1      | Reached XP level 2. HP: 13/13 MP: 3/6
   807 | D:1      | Learned a level 2 spell: Ensorcelled Hibernation
  1064 | D:1      | Reached XP level 3. HP: 17/17 MP: 8/8
  1082 | D:1      | Learned a level 3 spell: Confuse
  1150 | D:1      | Reached skill level 5 in Stealth
  1650 | D:2      | Found a hazy altar of Hepliaklqana.
  1852 | D:3      | Reached XP level 4. HP: 21/21 MP: 9/9
  1891 | D:3      | Reached skill level 1 in Fighting
  2615 | D:3      | Reached XP level 5. HP: 25/25 MP: 7/10
  2620 | D:3      | Learned a level 3 spell: Dazzling Spray
  2880 | D:4      | Reached skill level 6 in Stealth
  2979 | D:4      | Found a staircase to the Ecumenical Temple.
  3005 | Temple   | Entered the Ecumenical Temple
  3136 | Temple   | Became a worshipper of Vehumet
  3175 | D:4      | Noticed an ogre
  3222 | D:4      | Killed an ogre
  3222 | D:4      | Reached XP level 6. HP: 24/30 MP: 4/12
  3710 | D:4      | Noticed a slave
  3711 | D:4      | Noticed a slave
  3714 | D:4      | Noticed Pikel
  3716 | D:4      | Noticed a slave
  3719 | D:4      | Killed a slave
  3721 | D:4      | Noticed a slave
  3884 | D:3      | Killed Pikel
  3884 | D:3      | Reached skill level 5 in Dodging
  3884 | D:3      | Reached skill level 7 in Stealth
  3884 | D:3      | Reached skill level 1 in Conjurations
  3884 | D:3      | Reached skill level 5 in Hexes
  3884 | D:3      | Reached XP level 7. HP: 20/35 MP: 0/14
  4103 | D:4      | Found Imalacsi's Jewellery Emporium.
  4252 | D:5      | Entered Level 5 of the Dungeon
  4598 | D:5      | Reached XP level 8. HP: 39/39 MP: 0/16
  4901 | D:5      | Found a glowing golden altar of the Shining One.
  4901 | D:5      | Found a shimmering altar of Xom.
  4985 | D:5      | Found an iron altar of Okawaru.
  4987 | D:5      | Reached skill level 5 in Short Blades
  5008 | D:5      | Noticed Agrougrou's ghost (novice FoFi)
  5304 | D:5      | Killed Agrougrou's ghost
  5304 | D:5      | Reached skill level 8 in Stealth
  5304 | D:5      | Reached skill level 5 in Spellcasting
  5573 | D:5      | Gained mutation: You are partially covered in large bone plates. (SH +4) [potion of mutation]
  5573 | D:5      | Gained mutation: You have large cloven feet. [potion of mutation]
  5573 | D:5      | Gained mutation: Your body sometimes deteriorates upon taking damage. [potion of mutation]
  5573 | D:5      | Gained mutation: You are partially covered in icy blue scales. (AC +2) [potion of mutation]
  6112 | D:6      | Reached XP level 9. HP: 37/43 MP: 13/18
  6127 | D:6      | Found a deep blue altar of Sif Muna.
  6500 | D:7      | Reached * piety under Vehumet
  6500 | D:7      | Offered knowledge of Sting by Vehumet.
  6514 | D:7      | Learned a level 3 spell: Spectral Weapon
  6729 | D:7      | Noticed Dowan
  6731 | D:7      | Noticed Duvessa
  6817 | D:7      | Killed Dowan
  7051 | D:7      | Reached skill level 9 in Stealth
  7344 | D:7      | Killed Duvessa
  7569 | D:7      | Found a sacrificial altar of Ru.
  7975 | D:8      | Noticed Prince Ribbit
  7980 | D:8      | Killed Prince Ribbit
  7997 | D:8      | Offered knowledge of Magic Dart by Vehumet.
  8189 | D:8      | Reached ** piety under Vehumet
  8191 | D:8      | Noticed vatarom's ghost (journeyman DsTm)
  8399 | D:8      | Noticed Psyche
  8407 | D:8      | Reached XP level 10. HP: 39/49 MP: 13/22
  8419 | D:8      | Reached skill level 10 in Stealth
  8487 | D:8      | Killed Psyche
  8713 | D:8      | Found a basalt altar of Yredelemnul.
  8733 | D:8      | Killed vatarom's ghost
  8962 | D:8      | Offered knowledge of Throw Frost by Vehumet.
  9088 | D:9      | Noticed a tengu warrior
  9091 | D:9      | Noticed a tengu warrior
  9092 | D:9      | Killed a tengu warrior
  9092 | D:9      | Reached skill level 11 in Stealth
  9094 | D:9      | Killed a tengu warrior
  9134 | D:9      | Reached *** piety under Vehumet
  9152 | D:9      | Noticed Maurice
  9172 | D:9      | Killed Maurice
  9172 | D:9      | Reached XP level 11. HP: 52/53 MP: 24/24
  9313 | D:9      | Found Ryeduw's Distillery.
  9322 | D:9      | Bought a potion of heal wounds for 55 gold pieces
  9322 | D:9      | Bought a potion of heal wounds for 55 gold pieces
  9322 | D:9      | Bought a potion of haste for 110 gold pieces
  9433 | D:9      | Reached skill level 10 in Dodging
  9454 | D:9      | Found an opulent altar of Gozag.
  9523 | D:9      | Offered knowledge of Olgreb's Toxic Radiance by Vehumet.
  9557 | D:9      | Noticed Erolcha
  9557 | D:9      | Noticed a two-headed ogre
  9560 | D:9      | Killed Erolcha
  9566 | D:9      | Noticed Joseph
  9573 | D:9      | Killed Joseph
  9573 | D:9      | Reached skill level 5 in Conjurations
  9634 | D:9      | Killed a two-headed ogre
  9657 | D:9      | Found a shadowy altar of Dithmenos.
  9657 | D:9      | Noticed Erica
  9672 | D:9      | Killed Erica
  9672 | D:9      | Reached skill level 12 in Stealth
  9794 | D:9      | Found a staircase to the Orcish Mines.
  9799 | D:9      | Found a roughly hewn altar of Beogh.
 10068 | D:10     | Entered Level 10 of the Dungeon
 10161 | D:9      | Reached **** piety under Vehumet
 10245 | D:10     | Noticed a two-headed ogre
 10259 | D:10     | Killed a two-headed ogre
 10371 | D:10     | Offered knowledge of Lightning Bolt by Vehumet.
 10479 | D:10     | Noticed Haldmier's ghost (journeyman OgWz)
 10496 | D:10     | Killed Haldmier's ghost
 10496 | D:10     | Reached skill level 10 in Spellcasting
 10634 | D:10     | Noticed Fannar
 10636 | D:10     | Killed Fannar
 10636 | D:10     | Reached XP level 12. HP: 58/58 MP: 27/27
 10828 | D:10     | Noticed a two-headed ogre
 10835 | D:10     | Killed a two-headed ogre
 10835 | D:10     | Reached skill level 10 in Hexes
 11084 | D:11     | Found a staircase to the Lair.
 11109 | D:11     | Noticed Nergalle
 11122 | D:11     | Killed Nergalle
 11743 | Lair:1   | Entered Level 1 of the Lair of Beasts
 11935 | Lair:1   | Reached ***** piety under Vehumet
 12015 | Lair:1   | Learned a level 1 spell: Animate Skeleton
 12031 | Lair:1   | Learned a level 1 spell: Apportation
 12056 | Lair:1   | Offered knowledge of Airstrike by Vehumet.
 12056 | Lair:1   | Reached skill level 13 in Stealth
 12453 | Lair:1   | Found a white marble altar of Elyvilon.
 13042 | Lair:2   | Noticed a death yak
 13044 | Lair:2   | Noticed a death yak
 13049 | Lair:2   | Killed a death yak
 13052 | Lair:2   | Killed a death yak
 13179 | Lair:2   | Reached skill level 10 in Short Blades
 13569 | Lair:2   | Reached skill level 5 in Fighting
 13775 | Lair:3   | Reached XP level 13. HP: 63/63 MP: 29/29
 15275 | Lair:4   | Found a staircase to the Snake Pit.
 15351 | Lair:4   | Reached skill level 14 in Stealth
 15432 | Lair:4   | Found a staircase to the Shoals.
 16515 | Lair:5   | Offered knowledge of Iskenderun's Mystic Blast by Vehumet.
 16572 | Lair:5   | Learned a level 4 spell: Iskenderun's Mystic Blast
 17608 | Lair:6   | Entered Level 6 of the Lair of Beasts
 17667 | Lair:6   | Noticed Kirke
 17675 | Lair:6   | Killed Kirke
 17736 | Lair:6   | Reached XP level 14. HP: 69/69 MP: 31/31
 17749 | Lair:6   | Noticed Rupert
 17760 | Lair:6   | Paralysed by Rupert for 6 turns
 17763 | Lair:6   | Mangled by Rupert

Skill      XL: |  1  2  3  4  5  6  7  8  9 10 11 12 13 |
---------------+----------------------------------------+-----
Stealth        | 5 6 7 8 9 11 12 13 14 | 14.9
Short Blades   | 2 3 4 5 6 7 8 10 | 10.5
Hexes          | 4 5 6 7 8 9 10 11 | 11.9
Fighting       | 1 2 3 4 5 |  5.7
Spellcasting   | 3 4 5 7 8 10 11 12 | 12.4
Dodging        | 4 5 6 7 8 9 11 12 13 | 13.5
Conjurations   | 1 2 3 4 5 6 7 |  7.2

Action                   |  1- 3 |  4- 6 |  7- 9 | 10-12 | 13-15 || total
-------------------------+-------+-------+-------+-------+-------++-------
Melee: Dagger            |   199 |   175 |   280 |   390 |   289 ||  1333
       Kick              |       |       |    44 |    68 |    66 ||   178
Throw: Stone             |       |       |     2 |     1 |     1 ||     4
 Cast: Corona            |     9 |       |       |       |       ||     9
       Ensorcelled Hiber |     2 |    36 |    72 |    57 |    36 ||   203
       Confuse           |       |     3 |    36 |    29 |    43 ||   111
       Dazzling Spray    |       |       |     3 |    29 |    13 ||    45
       Iskenderun's Myst |       |       |       |       |     4 ||     4
  Use: Scroll            |       |     5 |    17 |     5 |    10 ||    37
       Potion            |       |       |     1 |       |     1 ||     2
 Stab: Sleeping          |    13 |    27 |    48 |    75 |    35 ||   198
       Confused          |       |     3 |    21 |    16 |    20 ||    60
       Invisible         |       |       |     3 |    16 |     8 ||    27
       Distracted        |       |       |     1 |     5 |       ||     6
  Eat: Bread ration      |       |     1 |       |     1 |       ||     2
       Royal jelly       |       |       |     2 |     1 |     1 ||     4
Armor: Robe              |    21 |    10 |    12 |    18 |    16 ||    77
Dodge: Dodged            |   217 |   143 |   148 |   252 |   210 ||   970
Block: Other             |       |       |    28 |    31 |    24 ||    83
